[Event "Team 45 45 League T73"]
[Site "Internet Chess Club"]
[Date "2017.06.28"]
[Round "3"]
[White "crazyhorses"]
[Black "Janna"]
[Result "1-0"]
[WhiteElo "1384"]
[BlackElo "1284"]
[Opening "Sicilian: Hungarian variation"]
[ECO "B34"]
[Time "15:00:58"]
[TimeControl "2700+45"]

1. e4 c5 2. Nf3 g6 3. d4 cxd4 4. Nxd4 Nc6 5. Be3 Nf6 6. Nc3 Bg7 7. Be2 O-O 8.
Qd2 d5 9. Nxc6 bxc6 10. Rd1 Bb7 11. exd5 cxd5 12. Bf3 Ne4 13. Bxe4 dxe4 14. Ne2
Bxb2 15. Qxd8 Raxd8 16. Rb1 Bc6 17. Rxb2 Rd7 18. O-O Rfd8 19. h3 Rd1 20. Nc3
Rxf1+ 21. Kxf1 Bd5 22. Nxd5 Rxd5 23. Bh6 Re5 24. Rb8# {Black checkmated} 1-0

[Event "Team 45 45 League T73"]
[Site "Internet Chess Club"]
[Date "2017.06.30"]
[Round "3"]
[White "Just-Jim"]
[Black "Kingofknights"]
[Result "1-0"]
[WhiteElo "1283"]
[BlackElo "1465"]
[Opening "Queen's pawn game, Darooha variation "]
[ECO "D02"]
[Time "19:00:21"]
[TimeControl "2700+45"]

1. Nf3 d5 2. d4 Nf6 3. h3 c5 4. e3 Nc6 5. Bb5 cxd4 6. Bxc6+ bxc6 7. Nxd4 c5 8.
Nb3 e5 9. O-O Bb7 10. Bd2 a5 11. a4 Bd6 12. Qe1 Ba6 13. Bxa5 Qe7 14. Nc3 Bxf1
15. Qxf1 c4 16. Nxd5 Nxd5 17. Qxc4 Nf6 18. Qc6+ Nd7 19. Qxa8+ Nb8 20. c4 O-O 21.
Qd5 Qf6 22. Rd1 Be7 23. Bc7 Na6 24. Bxe5 Qf5 25. g4 Qc2 26. Na5 h6 27. Nc6 Bh4
28. Bg3 Bxg3 29. fxg3 Qxa4 30. Ne7+ Kh8 31. Rf1 Qe8 32. Nf5 Nb4 33. Qd4 Nc6 34.
Qxg7# {Black checkmated} 1-0

[Event "Team 45 45 League T73"]
[Site "Internet Chess Club"]
[Date "2017.06.29"]
[Round "3"]
[White "JohLeb"]
[Black "idjit"]
[Result "1/2-1/2"]
[WhiteElo "1478"]
[BlackElo "1643"]
[Opening "Nimzo-Indian: 4.e3, main line"]
[ECO "E59"]
[Time "11:00:49"]
[TimeControl "2700+45"]

1. d4 Nf6 2. c4 e6 3. Nc3 Bb4 4. Nf3 c5 5. e3 O-O 6. Bd3 d5 7. O-O Nc6 8. a3
Bxc3 9. bxc3 dxc4 10. Bxc4 Qc7 11. Re1 Rd8 12. Bd3 e5 13. Qc2 cxd4 14. cxd4 exd4
15. Nxd4 Qa5 16. Bd2 Nxd4 17. Bxa5 Nxc2 18. Bxc2 b6 19. Bc3 Bb7 20. Bxf6 gxf6
21. Rac1 Rac8 22. Bf5 Rc6 23. Rxc6 Bxc6 24. Rc1 Rd2 25. h3 Bd5 26. Rc8+ Kg7 27.
Rd8 Rd1+ 28. Kh2 Bb3 29. Rxd1 Bxd1 30. Bd7 Kg6 31. g4 h5 32. Bf5+ Kg5 33. f4+
Kh4 34. gxh5 Bxh5 35. Bd3 Bg6 36. e4 a5 37. f5 Bh5 38. Kg2 Bd1 39. Bc4 Bc2 40.
Kf3 Kxh3 41. Bxf7 b5 42. Kf4 b4 43. axb4 axb4 44. e5 fxe5+ 45. Kxe5 b3 {Game
drawn by mutual agreement} 1/2-1/2

[Event "Team 45 45 League T73"]
[Site "Internet Chess Club"]
[Date "2017.06.30"]
[Round "3"]
[White "Demachaeron"]
[Black "QuimCatala"]
[Result "0-1"]
[WhiteElo "1626"]
[BlackElo "1372"]
[Opening "King's Indian: Sämisch, orthodox variation"]
[ECO "E85"]
[Time "15:00:17"]
[TimeControl "2700+45"]

1. d4 Nf6 2. c4 g6 3. Nc3 Bg7 4. e4 d6 5. f3 O-O 6. Be3 e5 7. Nge2 Nc6 8. Qd2 a5
9. g4 Ne8 10. Bh6 Qh4+ 11. Ng3 Bxh6 12. Qf2 Nxd4 13. Bd3 Qf6 14. O-O Bf4 15. Nd5
Qh4 16. Kg2 Ne6 17. Rh1 Ng5 18. c5 c6 19. Nb6 Nh3 20. Qe1 Rb8 21. Qxa5 Ng5 22.
Qa7 Be3 23. Kf1 Qh3+ 24. Ke2 Bxc5 25. Qxb8 Qg2+ 26. Kd1 Qxf3+ 27. Be2 Qe3 28.
Nc4 Qd4+ 29. Kc2 Bxg4 30. Rad1 Qf2 31. Rdf1 Qg2 32. Kd3 Bxe2+ 33. Nxe2 Qxe4+ 34.
Kc3 Qxe2 35. Re1 Ne4+ 36. Kb3 Qd3+ {White resigns} 0-1

[Event "Team 45 45 League T73"]
[Site "Internet Chess Club"]
[Date "2017.07.02"]
[Round "3"]
[White "kingphisch"]
[Black "g8wrb"]
[Result "1-0"]
[WhiteElo "1404"]
[BlackElo "1277"]
[Opening "French: Tarrasch, closed variation, main line"]
[ECO "C06"]
[Time "15:04:42"]
[TimeControl "2700+45"]

1. e4 e6 2. d4 d5 3. Nd2 Nf6 4. e5 Nfd7 5. Bd3 c5 6. Ne2 Nc6 7. c3 cxd4 8. cxd4
Be7 9. O-O Qb6 10. Nf3 O-O 11. a3 f5 12. b4 a6 13. Be3 Rf7 14. Nf4 Nf8 15. Be2
Bd7 16. Qd2 Rc8 17. Nd3 Ng6 18. Nf4 Nxf4 19. Bxf4 Nd8 20. Rfc1 Rxc1+ 21. Rxc1
Bb5 22. Bxb5 Qxb5 23. Qc2 Nc6 24. Qc3 Bd8 25. Qc5 Be7 26. Qxb5 axb5 27. Rd1 Rf8
28. Kf1 Ra8 29. Bc1 h6 30. Rd3 g5 31. h3 Kg7 32. Nh2 Kg6 33. g4 h5 34. f3 Rc8
35. Ke2 Nxd4+ 36. Rxd4 Rxc1 37. Rd1 Rc2+ 38. Rd2 Rc6 39. Kd3 hxg4 40. hxg4 f4
41. Rc2 Bf8 42. Nf1 Rc4 43. Nd2 Rxc2 44. Kxc2 Bg7 45. Nb3 b6 46. Nd4 Bxe5 47.
Nxb5 Kf6 48. Kd3 Bb2 49. a4 e5 50. Nc3 Ke6 51. a5 Bxc3 52. a6 Bxb4 53. a7 {Black
resigns} 1-0

[Event "Team 45 45 League T73"]
[Site "Internet Chess Club"]
[Date "2017.07.01"]
[Round "3"]
[White "SeniorCitizen"]
[Black "GideonL"]
[Result "0-1"]
[WhiteElo "1262"]
[BlackElo "1430"]
[Opening "Danish gambit"]
[ECO "C21"]
[Time "16:03:14"]
[TimeControl "2700+45"]

1. e4 e5 2. d4 exd4 3. c3 dxc3 4. Bc4 d6 5. Nxc3 Nf6 6. Nf3 Be7 7. e5 dxe5 8.
Qxd8+ Bxd8 9. Nxe5 O-O 10. O-O Nbd7 11. Bxf7+ Rxf7 12. Nxf7 Kxf7 13. Be3 b6 14.
Rad1 Bb7 15. f3 Be7 16. Nb5 c6 17. Nd6+ Bxd6 18. Rxd6 Re8 19. Kf2 Re6 20. Rxe6
Kxe6 21. Bd4 c5 22. Re1+ Kf7 23. Bc3 Nd5 24. Rd1 N7f6 25. Be1 Ke6 26. Bd2 h6 27.
Re1+ Kd7 28. Kg3 Ba6 29. a3 Bd3 30. Bf4 Nh5+ {White resigns} 0-1

[Event "Team 45 45 League T73"]
[Site "Internet Chess Club"]
[Date "2017.07.04"]
[Round "3"]
[White "Constrictor"]
[Black "bmw2002"]
[Result "0-1"]
[WhiteElo "1540"]
[BlackElo "1541"]
[Opening "Caro-Kann: advance variation"]
[ECO "B12"]
[Time "18:03:00"]
[TimeControl "2700+45"]

1. e4 c6 2. d4 d5 3. e5 Bf5 4. Bd3 Bxd3 5. Qxd3 e6 6. f4 Qa5+ 7. c3 Qa6 8. Qxa6
Nxa6 9. Nf3 c5 10. Nbd2 Nh6 11. dxc5 Bxc5 12. Nd4 Rc8 13. N2f3 O-O 14. Ke2 Bb6
15. h3 Nc5 16. Ng5 Rfe8 17. g4 f6 18. Ngf3 Ne4 19. Rh2 fxe5 20. fxe5 Nf7 21. Ng5
Nfxg5 {White resigns} 0-1

[Event "Team 45 45 League T73"]
[Site "Internet Chess Club"]
[Date "2017.07.01"]
[Round "3"]
[White "arthchan2003"]
[Black "mongmong"]
[Result "0-1"]
[WhiteElo "1365"]
[BlackElo "1505"]
[Opening "French: exchange variation"]
[ECO "C01"]
[Time "13:00:28"]
[TimeControl "2700+45"]

1. e4 e6 2. d4 d5 3. exd5 exd5 4. Nf3 Bd6 5. Be2 Ne7 6. O-O Bg4 7. h3 Bh5 8.
Nbd2 Nd7 9. b3 c6 10. Bb2 O-O 11. Rc1 Re8 12. Re1 Nf6 13. Ne5 Bxe2 14. Rxe2 Nd7
15. Ndf3 f6 16. Nxd7 Qxd7 17. c4 Ng6 18. Rxe8+ Rxe8 19. cxd5 cxd5 20. Qc2 Nf4
21. Re1 Rxe1+ 22. Nxe1 Qc7 23. Qxc7 Bxc7 24. Kf1 Bb6 25. Nf3 Kf7 26. Bc1 Ne6 27.
Ke2 Nxd4+ 28. Nxd4 Bxd4 29. f3 Ke6 30. Kd3 Bb6 31. Bf4 Bd8 32. Be3 a6 33. a4 Be7
34. Bb6 h5 35. Kd4 Bd6 36. Ba5 Bh2 37. Be1 Bg1+ 38. Kd3 g5 39. Bc3 f5 40. Bd4
Bh2 41. Be3 g4 42. Bd4 Be5 43. Bg1 gxh3 44. gxh3 Kf6 45. Bd4 Bxd4 46. Kxd4 Kg5
47. Kxd5 Kf4 48. Ke6 h4 49. Kf6 Kxf3 {White resigns} 0-1

[Event "Team 45 45 League T73"]
[Site "Internet Chess Club"]
[Date "2017.06.28"]
[Round "3"]
[White "UrsaMajor"]
[Black "BrerRabbit"]
[Result "1-0"]
[WhiteElo "1456"]
[BlackElo "1355"]
[Opening "Pirc: Ufimtsev-Pytel variation"]
[ECO "B07"]
[Time "20:03:55"]
[TimeControl "2700+45"]

1. e4 d6 2. d4 Nf6 3. Nc3 c6 4. f3 e5 5. dxe5 dxe5 6. Qxd8+ Kxd8 7. Bg5 Be7 8.
O-O-O+ Kc7 9. Bc4 Be6 10. Bxe6 fxe6 11. Nge2 Nbd7 12. a3 Bc5 13. Kb1 Rhf8 14.
Na4 Bb6 15. Nxb6 Nxb6 16. Nc1 Nh5 17. Be7 Rf7 18. Bd6+ Kd8 19. Bxe5+ Ke8 20. b3
Nd7 21. Nd3 Nxe5 22. Nxe5 Re7 23. Rd2 Rd8 24. Rxd8+ Kxd8 25. Rd1+ Kc7 26. g3 Nf6
27. c4 c5 28. Kc2 b6 29. Rd3 Ne8 30. a4 Nd6 31. Kd2 Nb7 32. f4 Na5 33. h4 Nc6
34. Nxc6 Kxc6 35. e5 Kc7 36. Rd6 Kc8 37. Ke3 Kc7 38. Kf3 Kc8 39. g4 Kc7 40. g5
g6 41. Kg4 Kc8 42. h5 Kc7 43. Rd3 Kb7 44. Rd8 Ka6 45. Rg8 Ka5 46. hxg6 hxg6 47.
Rxg6 Kb4 48. Rf6 Kxb3 49. g6 Rg7 50. Kg5 Kxc4 51. Rf7 Rg8 52. g7 Kb4 53. Kf6 c4
54. Rf8 Rxg7 55. Kxg7 c3 56. Rc8 Kb3 57. Kf6 c2 58. Kxe6 Kb2 59. Kd6 c1=Q 60.
Rxc1 Kxc1 61. e6 a6 62. e7 b5 63. e8=Q b4 64. Qe1+ Kc2 65. Qxb4 {Black resigns}
1-0

[Event "Team 45 45 League T73"]
[Site "Internet Chess Club"]
[Date "2017.07.02"]
[Round "3"]
[White "WzeroMN"]
[Black "smsxman"]
[Result "0-1"]
[WhiteElo "1116"]
[BlackElo "1322"]
[Opening "French defense"]
[ECO "C01"]
[Time "15:00:49"]
[TimeControl "2700+45"]

1. e4 e6 2. d4 Nc6 3. Nf3 d5 4. e5 Bd7 5. Bb5 g6 6. Bg5 Be7 7. Bxe7 Ncxe7 8.
Bxd7+ Qxd7 9. O-O O-O-O 10. a4 f6 11. exf6 Nxf6 12. Ne5 Qe8 13. b4 Nc6 14. b5
Nxe5 15. dxe5 Nd7 16. Qd4 Nb6 17. a5 Nc4 18. Qxa7 Qxb5 19. a6 bxa6 20. Qxa6+
Qxa6 21. Rxa6 Nxe5 22. Rxe6 Rhe8 23. Rxe8 Rxe8 24. Re1 Kd7 25. f4 Nc4 26. Rxe8
Kxe8 27. Kf2 Ke7 28. Nc3 c6 29. g4 Na3 30. h4 Nxc2 31. Ke2 Nb4 32. Ke3 Ke6 33.
Kd4 Kd7 34. f5 gxf5 35. gxf5 Nc2+ 36. Ke5 d4 37. Nd1 d3 38. Kf6 Nd4 39. h5 c5
40. h6 c4 41. Kf7 Nxf5 42. Ne3 Nxh6+ {White resigns} 0-1

[Event "Team 45 45 League T73"]
[Site "Internet Chess Club"]
[Date "2017.07.03"]
[Round "3"]
[White "chesskix"]
[Black "ChessMaine"]
[Result "1-0"]
[WhiteElo "1422"]
[BlackElo "1478"]
[Opening "QGD: Neo-orthodox variation, 7.Bxf6"]
[ECO "D55"]
[Time "09:00:36"]
[TimeControl "2700+45"]

1. d4 d5 2. c4 e6 3. Nc3 Nf6 4. Bg5 Be7 5. e3 O-O 6. Nf3 h6 7. Bxf6 Bxf6 8. Be2
dxc4 9. Bxc4 c5 10. O-O cxd4 11. exd4 Nc6 12. d5 exd5 13. Bxd5 Bxc3 14. bxc3 Qc7
15. Qb3 Bg4 16. Nd4 Nxd4 17. cxd4 Rab8 18. Rac1 Qd7 19. f3 Bf5 20. Rfd1 Rfe8 21.
Kf2 Be6 22. Bxe6 Rxe6 23. d5 Rd6 24. Rc3 Rd8 25. Rcd3 Kf8 26. a4 Ra6 27. Qb4+
Kg8 28. a5 Rd6 29. Qc4 Ra6 30. Qb4 b6 31. axb6 Rxb6 32. Qc5 Rb2+ 33. Kf1 Rdb8
34. Qc6 Qxc6 35. dxc6 Rb1 36. c7 Rc8 37. Rxb1 Rxc7 38. Rd8+ Kh7 39. Rbb8 Rc2 40.
Rb7 a5 41. Rxf7 a4 42. Ra7 Ra2 43. Rda8 Kg6 44. Rxa4 Rb2 45. Rg4+ Kf5 46. Rxg7
Kf4 47. Rf8+ Ke3 48. Re7+ Kd2 49. Rd8+ Kc1 50. Rc7+ Kb1 51. Rd1+ Ka2 52. Ra7+
Kb3 53. Rb7+ Kc2 54. Rxb2+ Kxd1 55. Rb6 {Black resigns} 1-0

[Event "Team 45 45 League T73"]
[Site "Internet Chess Club"]
[Date "2017.06.28"]
[Round "3"]
[White "seattleblues"]
[Black "RonaldoR"]
[Result "0-1"]
[WhiteElo "1277"]
[BlackElo "1589"]
[Opening "QGD: 4.Nf3"]
[ECO "D37"]
[Time "19:01:28"]
[TimeControl "2700+45"]

1. d4 d5 2. Nf3 Nf6 3. c4 e6 4. Nc3 Nbd7 5. Bf4 dxc4 6. a4 Nd5 7. Bg3 Bb4 8. Qc2
a5 9. e4 Nxc3 10. bxc3 Be7 11. Bxc4 Nf6 12. h3 O-O 13. O-O b6 14. Rad1 Bb7 15.
Bd3 h6 16. Rfe1 Qc8 17. Ne5 Bd6 18. Re3 Qd8 19. Bb5 Nh5 20. Bh2 c6 21. Be2 Nf6
22. Bf3 Qc7 23. Bg3 b5 24. Rb1 b4 25. c4 c5 26. Ng4 Nxg4 27. Bxg4 Bxg3 28. Rxg3
cxd4 29. Qd3 e5 30. Bd1 Rac8 31. Bb3 Qc6 32. f3 Rc7 33. Qd2 Rfc8 34. Rc1 Qd6 35.
Qd3 Rc5 36. h4 Ba6 37. Kh2 Qe6 38. f4 exf4 39. Rf3 Bxc4 40. Rxc4 Rxc4 41. Rxf4
Qe5 42. g3 Rc3 43. Bxf7+ Kh8 44. Qa6 R3c6 45. Qb7 g5 46. hxg5 hxg5 47. Rf5 Rh6+
48. Kg2 Rc2+ 49. Kf3 Rc3+ 50. Kg2 Qxg3+ 51. Kf1 Rh1+ 52. Ke2 Rc2# {White
checkmated} 0-1

[Event "Team 45 45 League T73"]
[Site "Internet Chess Club"]
[Date "2017.07.01"]
[Round "3"]
[White "Bible-Believer"]
[Black "Conjurer"]
[Result "0-1"]
[WhiteElo "1407"]
[BlackElo "1252"]
[Opening "Sicilian: Nimzovich-Rossolimo attack (without ...d6)"]
[ECO "B30"]
[Time "15:07:39"]
[TimeControl "2700+45"]

1. e4 c5 2. Nf3 Nc6 3. Bb5 e6 4. O-O Nf6 5. Re1 g6 6. c3 Bg7 7. d4 cxd4 8. cxd4
a6 9. Ba4 b5 10. Bc2 O-O 11. Bg5 Qc7 12. Qd2 Ng4 13. h3 Nf6 14. Nc3 Bb7 15. Rac1
d5 16. Bxf6 Bxf6 17. exd5 exd5 18. Nxd5 Qd6 19. Nxf6+ Qxf6 20. Be4 Rab8 21. Ne5
Nxe5 22. dxe5 Qe6 23. Bxb7 Rxb7 24. Rcd1 Qxa2 25. Qd6 Qxb2 26. Qxa6 Re7 27. Rb1
Qc3 28. Qxb5 Rfe8 29. Qb2 Qxb2 30. Rxb2 Rxe5 31. Rbe2 Rxe2 {White resigns} 0-1

[Event "Team 45 45 League T73"]
[Site "Internet Chess Club"]
[Date "2017.06.28"]
[Round "3"]
[White "smsxman"]
[Black "g8wrb"]
[Result "0-1"]
[WhiteElo "1275"]
[BlackElo "1204"]
[Opening "French defense"]
[ECO "C00"]
[Time "12:00:28"]
[TimeControl "2700+45"]

1. e4 e6 2. Nc3 d5 3. exd5 exd5 4. d4 Nf6 5. Be2 Bd6 6. Nf3 O-O 7. O-O Re8 8.
Re1 c6 9. Bg5 Bf5 10. a3 Nbd7 11. Bd3 Bg4 12. Rxe8+ Qxe8 13. Be2 Qe6 14. Qd2 Re8
15. Be3 Bxf3 16. Bxf3 Ne4 17. Bxe4 dxe4 18. g3 Qg4 19. Qe2 Qh3 20. Qf1 Qf5 21.
Qg2 Nf6 22. Rf1 Ng4 23. Nd1 Re6 24. f3 exf3 25. Rxf3 Qe4 26. Qd2 Qxf3 {White
resigns} 0-1

[Event "Team 45 45 League T73"]
[Site "Internet Chess Club"]
[Date "2017.06.29"]
[Round "3"]
[White "olivermx"]
[Black "jjaillet2007"]
[Result "1-0"]
[WhiteElo "1354"]
[BlackElo "1329"]
[Opening "French: exchange variation"]
[ECO "C01"]
[Time "18:31:00"]
[TimeControl "2700+45"]

1. e4 e6 2. d4 d5 3. exd5 exd5 4. Nf3 Bd6 5. Bb5+ Bd7 6. Bd3 Nf6 7. Be3 O-O 8.
O-O Bg4 9. Nbd2 Nbd7 10. c3 c5 11. Qc2 c4 12. Be2 Re8 13. Rfe1 Ne4 14. Nxe4 dxe4
15. Nd2 Qh4 16. g3 Qh3 17. Bxc4 Bf3 18. Bf1 Qh5 19. Bg2 Nf6 20. Bxf3 exf3 21.
Qd1 Ng4 22. Nxf3 Nxe3 23. Rxe3 Qb5 24. Qc2 h6 25. Rae1 Rxe3 26. Rxe3 a5 27. Qe2
Qc6 28. Ne5 Qd5 29. Qc4 Qxc4 30. Nxc4 Bc7 31. Re7 Rc8 32. Na3 Bd6 33. Rxb7 Bxa3
34. bxa3 Rxc3 35. Rb3 Rc1+ 36. Kg2 Rd1 37. Rb5 Rxd4 38. Rxa5 Rd2 39. Rb5 Rxa2
40. Rb3 Kf8 41. Kf3 Ke7 42. h4 h5 43. Ke3 f6 44. f3 Rg2 45. a4 Rxg3 46. Ra3 g5
47. hxg5 fxg5 48. Kf2 h4 49. a5 Kd7 50. a6 h3 51. Kxg3 Kc7 52. a7 h2 53. Kxh2
Kb7 {Black resigns} 1-0

[Event "Team 45 45 League T73"]
[Site "Internet Chess Club"]
[Date "2017.07.01"]
[Round "3"]
[White "stantheman59"]
[Black "kabubi"]
[Result "1-0"]
[WhiteElo "1291"]
[BlackElo "1218"]
[Opening "Queen's Indian accelerated"]
[ECO "A50"]
[Time "10:04:34"]
[TimeControl "2700+45"]

1. d4 Nf6 2. c4 b6 3. Bg5 g6 4. Bxf6 exf6 5. Nc3 Bg7 6. Nf3 O-O 7. g3 Ba6 8. e3
Bb7 9. Bg2 f5 10. O-O d5 11. b3 Ba6 12. Qd3 Re8 13. Nxd5 c6 14. Nf4 Nd7 15. Ne5
Nxe5 16. dxe5 Bxe5 17. Bxc6 Bxf4 18. Qxd8 Raxd8 19. Bxe8 Rxe8 20. exf4 Re2 21.
Rfe1 Rd2 22. Re7 {Black resigns} 1-0

[Event "Team 45 45 League T73"]
[Site "Internet Chess Club"]
[Date "2017.06.30"]
[Round "3"]
[White "oldbookseller"]
[Black "rhayder"]
[Result "0-1"]
[WhiteElo "845"]
[BlackElo "1127"]
[Opening "King's Indian: East Indian defense"]
[ECO "A48"]
[Time "18:00:54"]
[TimeControl "2700+45"]

1. d4 Nf6 2. Nf3 g6 3. e3 Bg7 4. Bd3 O-O 5. O-O d6 6. Nbd2 c5 7. c3 Nbd7 8. e4
a6 9. e5 Nd5 10. Ne4 dxe5 11. Bc4 N5b6 12. Bb3 exd4 13. cxd4 cxd4 14. Neg5 e6
15. Bf4 Nc5 16. Ne5 Nxb3 17. Qxb3 Nd5 18. Ngxf7 Rxf7 19. Nxf7 Kxf7 20. Qf3 Nxf4
21. Qxf4+ Qf6 22. Qc7+ Qe7 23. Qf4+ Kg8 24. Rac1 e5 25. Qe4 Bf5 26. Qd5+ Kh8 27.
Rc4 Be6 {White resigns} 0-1

[Event "Team 45 45 League T73"]
[Site "Internet Chess Club"]
[Date "2017.07.02"]
[Round "3"]
[White "mongmong"]
[Black "drsigmund1"]
[Result "1/2-1/2"]
[WhiteElo "1508"]
[BlackElo "1417"]
[Opening "Queen's pawn"]
[ECO "A40"]
[Time "17:00:47"]
[TimeControl "2700+45"]

1. d4 e6 2. Nf3 f5 3. c4 c6 4. Nc3 d5 5. Bg5 Nf6 6. e3 Bb4 7. Ne5 O-O 8. Bd3 Qa5
9. Qc2 Ne4 10. Bxe4 fxe4 11. O-O Bxc3 12. Qxc3 Qxc3 13. bxc3 Nd7 14. Nxd7 Bxd7
15. Bh4 b5 16. Rfb1 dxc4 17. Be7 Rfe8 18. Bd6 a6 19. a3 {Game drawn by mutual
agreement} 1/2-1/2

[Event "Team 45 45 League T73"]
[Site "Internet Chess Club"]
[Date "2017.07.02"]
[Round "3"]
[White "dabodhi"]
[Black "Toalla"]
[Result "1-0"]
[WhiteElo "1333"]
[BlackElo "1152"]
[Opening "Sicilian"]
[ECO "B56"]
[Time "15:01:15"]
[TimeControl "2700+45"]

1. e4 c5 2. Nf3 Nc6 3. d4 cxd4 4. Nxd4 Nf6 5. Nc3 d6 6. Bb5 Bd7 7. O-O g6 8. Be3
Bg7 9. Qd2 O-O 10. Rad1 a6 11. Bxc6 Bxc6 12. Nxc6 bxc6 13. Bh6 Bxh6 14. Qxh6 Ng4
15. Qg5 Ne5 16. b3 f6 17. Qg3 Nf7 18. h4 h5 19. Qxg6+ Kh8 20. Qxh5+ Kg7 21. Rd3
Rg8 22. Rg3+ Kf8 23. Ne2 e5 24. Rxg8+ Kxg8 25. f4 Kf8 26. Rf3 Qc7 27. fxe5 dxe5
28. Qg6 Qd6 29. Rxf6 Qd1+ 30. Kh2 Qd8 31. Qxf7# {Black checkmated} 1-0

[Event "Team 45 45 League T73"]
[Site "Internet Chess Club"]
[Date "2017.07.03"]
[Round "3"]
[White "tasawyer81"]
[Black "Just-Jim"]
[Result "0-1"]
[WhiteElo "1122"]
[BlackElo "1291"]
[Opening "French defense"]
[ECO "C01"]
[Time "18:50:49"]
[TimeControl "2700+45"]

1. d4 e6 2. e4 c6 3. Nc3 Be7 4. Nf3 d5 5. Bd3 h6 6. O-O Nf6 7. Re1 O-O 8. Bd2
Nh7 9. exd5 exd5 10. Ne5 Ng5 11. Bxg5 Bxg5 12. Qf3 Bd2 13. Re2 Bxc3 14. bxc3 Qg5
15. Nxf7 Qh4 16. Re5 Bg4 17. Nxh6+ gxh6 18. Qe3 Nd7 19. f3 Nxe5 20. Qxe5 Rae8
21. Qc7 Re1+ 22. Rxe1 Qxe1+ 23. Bf1 Qe3+ {White resigns} 0-1

[Event "Team 45 45 League T73"]
[Site "Internet Chess Club"]
[Date "2017.07.03"]
[Round "3"]
[White "Xbug"]
[Black "WzeroMN"]
[Result "1-0"]
[WhiteElo "1175"]
[BlackElo "1102"]
[Opening "QGD: Capablanca-Duras variation"]
[ECO "E10"]
[Time "14:05:01"]
[TimeControl "2700+45"]

1. d4 Nf6 2. c4 e6 3. Nf3 d5 4. Bg5 h6 5. Bh4 Be7 6. Nc3 dxc4 7. e3 Bb4 8. Bxc4
Qd6 9. Bxf6 gxf6 10. Qc2 b6 11. a3 Bxc3+ 12. Qxc3 Nc6 13. O-O-O Na5 14. Bb5+ Bd7
15. Bxd7+ Qxd7 16. Kb1 O-O 17. g4 Qc6 18. Qxc6 Nxc6 19. Rc1 Ne7 20. Rxc7 Nd5 21.
Rcc1 Rfc8 22. h4 Ne7 23. g5 Rxc1+ 24. Rxc1 fxg5 25. hxg5 hxg5 26. Nxg5 Rc8 27.
Rg1 Ng6 28. Nf3 Kf8 29. Rh1 Ke7 30. Rh7 Rh8 31. Rxh8 Nxh8 32. Kc2 Kd6 33. Kc3
Ng6 34. Ng5 f6 35. Ne4+ Ke7 36. Kc4 Kd7 37. Nxf6+ Ke7 38. Ne4 a6 39. a4 Kd7 40.
Nc3 Kc6 41. d5+ exd5+ 42. Nxd5 Ne5+ 43. Kd4 Nd7 44. f4 Kd6 45. e4 Nc5 46. Nxb6
Nb3+ 47. Kc3 Nc5 48. e5+ Ke6 49. b4 Ne4+ 50. Kd4 Ng3 51. Nc4 Nf5+ 52. Ke4 Nh6
53. b5 axb5 54. axb5 Nf7 55. b6 Nd8 56. Nd6 Ke7 57. b7 Nc6 58. Kd5 Nb8 59. f5
Nd7 60. f6+ Kf8 61. e6 Nb6+ 62. Kc6 Kg8 63. b8=Q+ Kh7 64. Qc7+ Kg8 65. Qg7#
{Black checkmated} 1-0

[Event "Team 45 45 League T73"]
[Site "Internet Chess Club"]
[Date "2017.07.03"]
[Round "3"]
[White "GideonL"]
[Black "Electryon"]
[Result "0-1"]
[WhiteElo "1375"]
[BlackElo "1442"]
[Opening "Réti opening"]
[ECO "A04"]
[Time "19:30:36"]
[TimeControl "2700+45"]

1. Nf3 e6 2. d4 f5 3. c4 Nf6 4. Nc3 Bb4 5. Bd2 b6 6. e3 Bb7 7. Be2 O-O 8. O-O
Ne4 9. a3 Bxc3 10. Bxc3 d6 11. Qc2 Nd7 12. Rac1 Ndf6 13. Bd3 Nxc3 14. Qxc3 Ne4
15. Qc2 Rf6 16. Rfd1 Rh6 17. h3 Ng5 18. Be2 Nxf3+ 19. Bxf3 Bxf3 20. gxf3 Rxh3
21. Kf1 Rxf3 22. Ke2 Rh3 23. Rh1 Qh4 24. Rxh3 Qxh3 25. Kd3 Qg2 26. Qe2 Rf8 27.
Rf1 Rf6 28. Qe1 Rg6 29. Qe2 Rg4 30. Kc3 Rh4 31. Kb4 Rh1 32. Rxh1 Qxh1 33. a4 h5
34. f3 h4 35. Qf2 Qh3 36. b3 Qg3 37. Qf1 h3 38. Qh1 Qg2 39. Qd1 h2 40. f4 h1=Q
41. Qd3 Qe1+ 42. Qc3 Qxc3+ 43. Kxc3 Qe2 44. Kb4 a6 45. Ka3 Qxe3 {White resigns}
0-1

[Event "Team 45 45 League T73"]
[Site "Internet Chess Club"]
[Date "2017.06.29"]
[Round "3"]
[White "Aquaman"]
[Black "seattleblues"]
[Result "0-1"]
[WhiteElo "1300"]
[BlackElo "1295"]
[Opening "French: Swiss variation"]
[ECO "C11"]
[Time "21:01:08"]
[TimeControl "2700+45"]

1. d4 Nf6 2. Nc3 e6 3. e4 d5 4. Bd3 c5 5. Nf3 Nc6 6. Be3 Qb6 7. Na4 Qb4+ 8. c3
Qa5 9. dxc5 dxe4 10. b4 Qd8 11. Bb5 Qxd1+ 12. Rxd1 exf3 13. gxf3 Bd7 14. Bxc6
Bxc6 15. Ke2 Bxa4 16. Rd2 Rd8 17. Rb2 Bc6 18. Bd4 Nd5 19. b5 Bd7 20. Rc2 Nf4+
21. Ke3 Ng2+ 22. Ke2 Bxb5+ 23. Kd2 Bxc5 24. Kc1 Bxd4 25. cxd4 Nf4 26. Rd2 Rc8+
27. Kd1 Ba4+ 28. Ke1 Rc1+ {White resigns} 0-1

[Event "Team 45 45 League T73"]
[Site "Internet Chess Club"]
[Date "2017.07.02"]
[Round "3"]
[White "joaoazm"]
[Black "GiantsFan"]
[Result "1-0"]
[WhiteElo "1218"]
[BlackElo "1145"]
[Opening "Giuoco Pianissimo: Canal variation"]
[ECO "C50"]
[Time "20:00:51"]
[TimeControl "2700+45"]

1. e4 e5 2. Nf3 Nc6 3. Bc4 Bc5 4. d3 Nf6 5. Nc3 d6 6. Bg5 h6 7. Bxf6 Qxf6 8. Nd5
Qd8 9. c3 Bg4 10. b4 Bb6 11. a4 a6 12. Nxb6 cxb6 13. Qb3 Qc7 14. Nd2 b5 15. axb5
Nb8 16. bxa6 bxa6 17. O-O O-O 18. Ra2 Nd7 19. Rfa1 Nb8 20. b5 a5 21. Bd5 Nd7 22.
Bxa8 Be6 23. Bd5 Nc5 24. Qc4 Rc8 25. Bxe6 fxe6 26. d4 exd4 27. cxd4 Qd7 28. Rc1
d5 29. exd5 exd5 30. Qc3 Ne4 31. Qxc8+ Qxc8 32. Rxc8+ Kf7 33. Nxe4 dxe4 34. Rxa5
Ke7 35. b6 Kd7 36. Rc1 e3 37. fxe3 g6 38. b7 g5 39. b8=Q g4 40. Ra7+ Ke6 41.
Qb6+ Kd5 42. Rc5+ Ke4 43. Qe6+ Kd3 44. Ra3+ Ke2 45. Rc4 h5 46. Rc8 Kd2 47. Qa2+
Ke1 48. Rc1# {Black checkmated} 1-0

[Event "Team 45 45 League T73"]
[Site "Internet Chess Club"]
[Date "2017.07.02"]
[Round "3"]
[White "RobertBuice"]
[Black "Rbug"]
[Result "1/2-1/2"]
[WhiteElo "1050"]
[BlackElo "981"]
[Opening "QGD Slav: 3.Nf3"]
[ECO "D11"]
[Time "12:02:51"]
[TimeControl "2700+45"]

1. d4 d5 2. c4 c6 3. Nf3 Nf6 4. Bg5 Bg4 5. e3 Nbd7 6. Nc3 e6 7. Qb3 Bxf3 8. gxf3
Rb8 9. Bf4 Ra8 10. Qxb7 Nh5 11. Qxc6 Nxf4 12. exf4 Rc8 13. Qa4 Ra8 14. cxd5 exd5
15. Nxd5 Bd6 16. f5 O-O 17. h4 a5 18. h5 Nb6 19. Nxb6 Qxb6 20. O-O-O Bf4+ 21.
Kb1 Rab8 22. Qb3 Qf6 23. Qd3 Qb6 {Game drawn by mutual agreement} 1/2-1/2

[Event "Team 45 45 League T73"]
[Site "Internet Chess Club"]
[Date "2017.07.02"]
[Round "3"]
[White "room-matt"]
[Black "LittleButton"]
[Result "0-1"]
[WhiteElo "1794"]
[BlackElo "1877"]
[Opening "Sicilian: closed"]
[ECO "B24"]
[Time "04:00:42"]
[TimeControl "2700+45"]

1. e4 c5 2. Nc3 Nc6 3. g3 g6 4. Bg2 Bg7 5. d3 e6 6. Be3 b6 7. Qd2 Bb7 8. Nge2 d6
9. O-O-O Ne5 10. h3 a6 11. f4 Nd7 12. d4 Ne7 13. dxc5 dxc5 14. Qd3 Qc7 15. Qd6
Qxd6 16. Rxd6 O-O-O 17. Rhd1 Nf5 18. exf5 Bxg2 19. Na4 Kc7 20. fxe6 fxe6 21.
Rxe6 Bxh3 22. Re7 Bf6 23. Rf7 Be6 24. Rdxd7+ Bxd7 25. Nxc5 Bxb2+ 26. Kxb2 bxc5
27. Bxc5 Kc6 28. Ba7 Kd5 29. Bb6 Rb8 30. Rxd7+ Ke6 31. Rc7 Rxb6+ 32. Kc3 Kd6 33.
Rf7 Rc8+ 34. Kd3 Rc7 35. Rf8 Rd7 36. Nd4 Ke7 37. Rh8 Kf6 38. Re8 Rb1 39. c3 Rg1
40. Re6+ Kf7 41. Rxa6 Rxg3+ 42. Kc4 Rc7+ 43. Rc6 Rxc6+ 44. Nxc6 h5 45. Ne5+ Kf6
46. Nd3 h4 47. Nf2 Rf3 48. Ng4+ Kf5 49. Nh6+ Kxf4 {White resigns} 0-1